 Dungeon Crawl Stone Soup version 0.27.1-33-g824d729ab1 (webtiles) character file.

Game seed: 16493884136068759941

1995 dianekeaton the Basher (level 9, -2/78 HPs)
             Began as a Minotaur Berserker on Dec 6, 2021.
             Was an Elder of Trog.
             Succumbed to a killer bee's poison
             ... on level 7 of the Dungeon.
             The game lasted 00:29:14 (7545 turns).

dianekeaton the Basher (Minotaur Berserker)         Turns: 7545, Time: 00:29:14

Health: -2/78      AC: 14    Str: 24    XL:     9   Next: 1%
Magic:  8/8        EV: 12    Int:  4    God:    Trog [****..]
Gold:   208        SH:  0    Dex: 11    Spells: 8/8 levels left

rFire    x . .     SeeInvis .   i - +0 flail (protect)
rCold    + . .     Faith    .   (no shield)
rNeg     . . .     Spirit   .   j - +1 ring mail
rPois    .         Reflect  .   (helmet restricted)
rElec    .         Harm     .   (no cloak)
rCorr    .         Rampage  .   (no gloves)
Will     ++...                  (no boots)
Stlth    +.........             (no amulet)
HPRegen  1.23/turn              u - ring of ice
MPRegen  0.11/turn              (no ring)

@: lethally poisoned (-2 -> -34), strong-willed, under a protective aura,
regenerating
A: horns 2, retaliatory headbutt
a: Renounce Religion, Berserk, Trog's Hand, Brothers in Arms


You were on level 7 of the Dungeon.
You worshipped Trog.
Trog was greatly pleased with you.
You visited 1 branch of the dungeon, and saw 7 of its levels.
You also visited: Sewer.

You collected 312 gold pieces.
You spent 104 gold pieces at shops.

Inventory:

Hand Weapons
 a - a +0 vorpal mace
 c - a +0 shortbow
 d - a +0 halberd
 i - a +0 flail of protection (weapon)
Missiles
 w - 42 arrows
 A - 80 stones (quivered)
Armour
 b - a +0 animal skin
 j - a +1 ring mail (worn)
 v - the +0 ring mail of the Crypt {Harm Str+3}
   (You found it on level 5 of the Dungeon)

   Str:       It affects your strength (+3).
   Harm:      It increases damage dealt and taken.
Magical Staves
 g - a staff of earth
Jewellery
 u - a ring of ice (left hand)
 y - a ring of flight
Wands
 q - a wand of flame (20)
Scrolls
 o - 2 scrolls of fear
 p - 3 scrolls of amnesia
 x - a scroll of summoning {unknown}
Potions
 e - 3 potions of curing
 f - a potion of brilliance
 h - 2 potions of lignification
 k - a potion of berserk rage
 l - a potion of invisibility
 m - 2 potions of flight
 n - 2 potions of might
 r - a potion of haste
 s - a potion of magic {unknown}
 t - a potion of cancellation {unknown}


   Skills:
 * Level 6.7 Fighting
 * Level 9.4 Maces & Flails
 * Level 3.3 Throwing
 * Level 7.9 Armour
 + Level 3.9 Dodging
 - Level 0.7 Stealth


You had 8 spell levels left.
You didn't know any spells.
Your spell library was empty.

Dungeon Overview and Level Annotations

Branches:
Dungeon (7/15)             Temple (0/1) D:6           Sewer (visited)

Altars:
Kikubaaqudgha

Shops:
D:4 [?*[(

Annotations:
D:5 Foxfire's ghost, novice HOBe


Innate Abilities, Weirdness & Mutations

You have a pair of horns on your head.
You reflexively headbutt those who attack you in melee.


Message History

You have reached level 9!
Your experience leads to an increase in your attributes!
Increase (S)trength, (I)ntelligence, or (D)exterity?
You feel stronger. 2 killer bees come into view.
Found an encrusted lead wand.
The killer bee buzzes angrily. x2; You hear an angry buzzing noise.
A killer bee comes into view.
You see here a killer bee corpse.
The killer bee stings you but does no damage.
The killer bee closely misses you. The killer bee stings you!
The killer bee stings you but does no damage. x2
The killer bee closely misses you.
Okay, then.
Your skin crawls.
You feel strong-willed. The killer bee stings you.
You are poisoned.
The killer bee poisons you! The killer bee stings you.
* * * LOW HITPOINT WARNING * * *
You are more poisoned.
The killer bee poisons you! The killer bee stings you.
* * * LOW HITPOINT WARNING * * *
You are more poisoned.
The killer bee poisons you! The killer bee stings you.
* * * LOW HITPOINT WARNING * * *
The killer bee stings you.
* * * LOW HITPOINT WARNING * * *
You are more poisoned.
The killer bee poisons you!
A centaur zombie comes into view.
The killer bee stings you.
* * * LOW HITPOINT WARNING * * *
You are more poisoned.
The killer bee poisons you!
You hit the killer bee.
Your weapon exudes an aura of protection.
Your headbutt misses the killer bee.
The killer bee is lightly wounded.
You die...

### # ...#.####
.. ..Z##
###.#.##y.##
../...y@...##
###.##y##†..#
#.#...<#
.#.#.#.#
.......>..
.#.#.#.#.#.#
#.............
#.#.#.#.#.#####
#..........


You could see 3 killer bees and a centaur zombie.

Vanquished Creatures
  Edmund (D:5)
  A sky beast (D:5)
  An ice beast (D:6)
  An orc warrior (D:5)
  2 black bears (D:4)
  A necrophage (D:5)
  An ogre (D:5)
  A centaur (D:5)
  A kobold brigand (Sewer)
  A bullfrog (D:5)
  2 scorpions
  A water moccasin zombie (D:5)
  A killer bee (D:7)
  A howler monkey (D:6)
  4 orc priests
  2 jellies
  2 hounds
  4 iguanas
  2 orc wizards (D:6)
  Natasha (thrice) (D:3)
  A howler monkey zombie (D:7)
  11 adders
  4 gnolls
  2 river rats
  A hound simulacrum (D:5)
  An adder skeleton (D:4)
  8 worms
  A dart slug (D:1)
  10 orcs
  13 endoplasms
  3 giant cockroaches
  4 goblins
  8 hobgoblins
  5 jackals (D:3)
  15 kobolds
  5 quokkas
  5 ball pythons
  5 bats
  2 frilled lizards
  9 rats
146 creatures vanquished.

Notes
Turn   | Place    | Note
-------+----------+-------------------------------------------
     0 | D:1      | dianekeaton the Minotaur Berserker began the quest for the
                  | Orb.
     0 | D:1      | Reached XP level 1. HP: 19/19 MP: 0/0
   349 | D:1      | Reached skill level 4 in Maces & Flails
   349 | D:1      | Reached XP level 2. HP: 26/26 MP: 1/1
  1055 | D:2      | Reached XP level 3. HP: 33/33 MP: 2/2
  1447 | D:2      | Reached XP level 4. HP: 37/40 MP: 3/3
  1483 | D:2      | Found a faded altar of an unknown god.
  1576 | D:2      | Reached skill level 5 in Maces & Flails
  2089 | D:2      | Reached ** piety under Trog
  2378 | D:3      | Found a glowing drain.
  2384 | Sewer    | Entered a sewer
  2607 | Sewer    | Noticed a kobold brigand
  2618 | Sewer    | Killed a kobold brigand
  2619 | Sewer    | Reached XP level 5. HP: 47/47 MP: 4/4
  2795 | Sewer    | Reached skill level 5 in Fighting
  2813 | Sewer    | Reached skill level 6 in Maces & Flails
  3246 | Sewer    | Reached XP level 6. HP: 41/56 MP: 5/5
  3622 | D:3      | Found an ancient bone altar of Kikubaaqudgha.
  3622 | D:3      | Noticed Natasha
  3626 | D:3      | Killed Natasha
  3626 | D:3      | Reached *** piety under Trog
  3639 | D:3      | Noticed Natasha
  3657 | D:3      | Killed Natasha
  3699 | D:3      | Noticed Natasha
  3713 | D:3      | Killed Natasha
  3903 | D:3      | Reached skill level 1 in Throwing
  4507 | D:4      | Found Taalyul's Armour Shoppe.
  4686 | D:4      | Reached skill level 7 in Maces & Flails
  4686 | D:4      | Reached skill level 5 in Armour
  4686 | D:4      | Reached XP level 7. HP: 51/61 MP: 6/6
  4737 | D:4      | Found Bearoel's Magic Scroll Shoppe.
  4746 | D:4      | Bought 3 scrolls of identify for 78 gold pieces
  4746 | D:4      | Bought a scroll of identify for 26 gold pieces
  4794 | D:4      | Found Raopnasm's General Store.
  4866 | D:4      | Found Geaq's Antique Weapon Boutique.
  5154 | D:4      | Reached **** piety under Trog
  5503 | D:4      | Found Fuxuosac's Antique Armour Shoppe.
  5701 | D:5      | Entered Level 5 of the Dungeon
  6109 | D:5      | Reached XP level 8. HP: 63/70 MP: 7/7
  6160 | D:5      | Found a runed translucent gate.
  6160 | D:5      | Found a runed translucent gate.
  6160 | D:5      | Found a runed translucent gate.
  6167 | D:5      | Reached skill level 8 in Maces & Flails
  6208 | D:5      | Noticed Foxfire's ghost (novice HOBe)
  6229 | D:5      | Identified the +0 ring mail of the Crypt {Harm Str+3}
  6762 | D:5      | Noticed Edmund
  6777 | D:5      | Killed Edmund
  6847 | D:5      | Reached skill level 9 in Maces & Flails
  7260 | D:6      | Found a staircase to the Ecumenical Temple.
  7480 | D:6      | Noticed a manticore
  7540 | D:7      | Reached XP level 9. HP: 33/78 MP: 8/8
  7545 | D:7      | Succumbed to a killer bee's poison

Illustrated notes

Levels and vault maps discovered:
D:1:      ebering_trefoil_3fold, layout_loops_ring, minmay_pentomino_r2
D:2:      layout_loops_corners, hellmonk_ecumenical_altar_lost_god
D:3:      layout_loops_ring, amcnicky_altar_gilded, lightli_sewer_entry_pipes,
          kennysheep_minor_cross, uniq_natasha
D:4:      layout_basic, serial_shops, shop_fountains, shop, shop,
          nicolae_shop_waterfront, nicolae_shop_waterfront
D:5:      layout_cave_pods, gammafunk_ghost_icy, uniq_edmund
D:6:      minmay_cornered_nines, layout_basic,
          chequers_temple_overflow_statue_of_worship,
          mainiacjoe_overflow_alcove_1, kennysheep_mini_moat, temple_green
D:7:      layout_basic, enter_bailey_2, nrook_uturn, st_stairs_9,
          minmay_circle_x, uniq_maggie

Skill      XL: |  1  2  3  4  5  6  7  8 |
---------------+-------------------------+-----
Maces & Flails | 4 5 6 7 9 |  9.4
Fighting       | 4 5 6 |  6.7
Armour         | 3 5 6 7 |  7.9
Throwing       | 1 2 3 |  3.3
Dodging        | 3 |  3.9
Stealth        | |  0.7

Action                   |  1- 3 |  4- 6 |  7- 9 || total
-------------------------+-------+-------+-------++-------
Melee: Mace              |    48 |   199 |   102 ||   349
       Headbutt          |     8 |    20 |    33 ||    61
       Flail             |       |       |    61 ||    61
Throw: Throwing net      |       |     2 |       ||     2
       Stone             |       |       |     5 ||     5
Invok: Berserk           |     1 |     2 |     3 ||     6
       Trog's Hand       |       |       |     1 ||     1
  Use: Scroll            |     3 |     3 |    12 ||    18
       Potion            |       |       |     2 ||     2
 Stab: Sleeping          |     1 |       |       ||     1
Armor: Animal skin       |    15 |       |       ||    15
       Ring mail         |       |    77 |    68 ||   145
Dodge: Dodged            |    25 |   120 |   100 ||   245
